 Dungeon Crawl Stone Soup version 0.18.1-48-g4cf74bf (webtiles) character file.

245 Alarkh the Sneak (level 5, -4/35 HPs)
             Began as a Vampire Enchanter on July 19, 2016.
             Killed by divine providence
             ... invoked by an orc priest
              (12 damage)
             ... on level 4 of the Dungeon.
             The game lasted 00:04:26 (2776 turns).

Alarkh the Sneak (Vampire Enchanter)                Turns: 2776, Time: 00:04:27

Health: -4/35      AC:  4    Str:  8    XL:     5   Next: 84%
Magic:  9/9        EV: 12    Int: 18    God:
Gold:   194        SH:  0    Dex: 14    Spells: 3 memorised, 4 levels left

rFire  . . .     SeeInvis +     e - +2 short sword (venom)
rCold  . . .     Gourm    .     b - +1 robe
rNeg   + . .     Faith    .     (no shield)
rPois  .         Spirit   .     k - +0 helmet
rElec  .         Dismiss  .     (no cloak)
rCorr  .         Reflect  .     (no gloves)
SustAt .         Harm     .     (no boots)
MR     .....                    (no amulet)
Stlth  ++++......               (no ring)
                                (no ring)

@: not resistant to hostile enchantments, stealthy
A: fangs 3, see invisible, unbreathing
a: Bat Form


You were on level 4 of the Dungeon.
You were not thirsty.

You visited 1 branch of the dungeon, and saw 4 of its levels.

You collected 194 gold pieces.

Inventory:

Hand Weapons
 a - a +1 dagger
 e - a +2 short sword of venom (weapon)
 o - a +0 falchion
Missiles
 j - a throwing net (quivered)
Armour
 b - a +1 robe (worn)
 k - a +0 helmet (worn)
Wands
 l - a wand of paralysis (14/24)
Scrolls
 h - a scroll of immolation {unknown}
 i - a scroll of enchant weapon {unknown}
 m - a scroll of teleportation {unknown}
 p - a scroll of magic mapping {unknown}
 t - a scroll of remove curse {unknown}
 u - a scroll of enchant armour {unknown}
Potions
 d - 6 potions of blood
 f - 2 potions of flight
 g - 2 potions of heal wounds
 n - 3 potions of degeneration {unknown}
 q - a potion of experience {unknown}
 r - 2 potions of lignification {unknown}
 s - a potion of brilliance {unknown}
Books
 c - a book of Maledictions

   Spells                             Type                      Level
   a - Corona                         Hexes                        1
   b - Ensorcelled Hibernation        Hexes/Ice                    2
   c - Confuse                        Hexes                        3
   d - Tukima's Dance                 Hexes                        3
   e - Dazzling Spray                 Conjuration/Hexes            3


   Skills:
 * Level 4.0 Short Blades
 - Level 2.1 Dodging
 + Level 6.0 Stealth
 + Level 3.0 Spellcasting
 + Level 5.9 Hexes


You had 4 spell levels left.
You knew the following spells:

 Your Spells              Type           Power        Failure   Level  Hunger
a - Ensorcelled Hibernat  Hex/Ice        ##....       10%         2    ##.....
b - Corona                Hex            ###....      1%          1    None
c - Confuse               Hex            ###.....     4%          3    ###....


Dungeon Overview and Level Annotations

Branches:
Dungeon (4/15)
 Temple: D:4-7

Altars:
Sif Muna

Annotations:
D:3 Krapule's ghost, amateur GrFi
D:4 Grinder


Innate Abilities, Weirdness & Mutations

You have razor-sharp teeth.
You have supernaturally acute eyesight.
You can survive without breathing.


Message History

The orc wizard shouts!
The orc shouts!
The orc wizard shouts!
The orc priest shouts!
You hear a shout!
The orc wizard miscasts a cantrip.
The orc wizard casts a cantrip, but nothing happens.
An orc priest comes into view. It is wielding a mace.
The orc priest calls down the wrath of Beogh upon you.
Pain shoots through your body!
The orc wizard casts a spell.
The orc wizard seems to speed up.
The orc wizard barely misses you.
You barely miss the orc wizard. The orc closely misses you.
The orc wizard gestures at you while chanting.
The puff of flame hits you! The orc wizard casts a spell at you.
The puff of flame hits you!
The orc wizard points at you and mumbles some strange words.
The puff of flame hits you!
* * * LOW HITPOINT WARNING * * *
The orc priest mumbles some strange prayers to Beogh against you.
Beogh smites you!
You die...

.......##.##.....#
#.#
..).#####.###...##
#.# .#.## #.#
##### #.# ...#
##+# ###.# ####
#...# ##.#.# #
.....# #....# ##
......# ##.###
.####
.......####...###
..>.+
....o..o.@......#
.####
.......o###...#.#
## .....o#.#
##.##.# #
....o##.# #.#.#.#
# #...# #.#
#..##.# ##### ##+#
#.###.###.# ....#
#.# #.........#
###.#
#.########.#####
....#
##.#........#


You could see 2 orc priests, 2 orc wizards and an orc.

Vanquished Creatures
  2 crimson imps (D:3)
  A centaur skeleton (D:3)
  An orc wizard (D:3)
  Robin (D:3)
  2 adders
  An adder skeleton (D:4)
  2 worms
  3 giant geckos
  9 orcs
  9 bats
  5 giant cockroaches
  13 goblins
  8 hobgoblins
  3 jackals (D:1)
  7 kobolds
  2 giant newts (D:1)
  6 rats
75 creatures vanquished.

Notes
Turn   | Place    | Note
--------------------------------------------------------------
     0 | D:1      | Alarkh the Vampire Enchanter began the quest for the Orb.
     0 | D:1      | Reached XP level 1. HP: 13/13 MP: 3/3
   105 | D:1      | Reached XP level 2. HP: 13/19 MP: 5/5
   129 | D:1      | Learned a level 2 spell: Ensorcelled Hibernation
   456 | D:1      | Reached XP level 3. HP: 24/24 MP: 6/6
   461 | D:1      | Learned a level 3 spell: Confuse
   925 | D:2      | You fall through a shaft!
  1386 | D:3      | Reached skill level 5 in Hexes
  1399 | D:3      | Noticed Krapule's ghost (amateur GrFi)
  1403 | D:3      | Reached skill level 5 in Stealth
  1637 | D:3      | Reached XP level 4. HP: 23/30 MP: 6/8
  1754 | D:3      | Noticed Robin
  1761 | D:3      | Killed Robin
  1848 | D:3      | Reached XP level 5. HP: 20/35 MP: 5/9
  2490 | D:4      | Noticed Grinder
  2686 | D:4      | Paralysed by Grinder for 3 turns
  2724 | D:4      | Found a deep blue altar of Sif Muna.
  2729 | D:4      | Reached skill level 6 in Stealth
  2776 | D:4      | Killed from afar by an orc priest

Skill      XL: |  1  2  3  4  5 |
---------------+----------------+-----
Short Blades   | 2 3 4 |  4.0
Hexes          | 5 |  5.9
Stealth        | 5 6 |  6.0
Spellcasting   | 3 |  3.0
Dodging        | |  2.1

Action                   |  1- 3 |  4- 6 || total
-------------------------+-------+-------++-------
Melee: Short sword       |   131 |    67 ||   198
       Bite              |    11 |     7 ||    18
Throw: Throwing net      |       |     1 ||     1
 Cast: Corona            |     1 |       ||     1
       Ensorcelled Hiber |     3 |       ||     3
       Confuse           |     3 |     1 ||     4
  Use: Potion            |     9 |       ||     9
       Scroll            |       |     2 ||     2
 Stab: Sleeping          |    13 |     4 ||    17
       Confused          |     3 |     1 ||     4
Armor: Robe              |    23 |     9 ||    32
Dodge: Dodged            |    70 |    43 ||   113
